 Dungeon Crawl Stone Soup version 0.14-a0-1192-g192f278 (webtiles) character file.

929 PolkaDot the Reanimator (level 7, 0/44 (46) HPs)
             Began as a Vampire Necromancer on Nov 30, 2013.
             Slain by an orc
             ... wielding a -1,+0 orcish hand axe
              (5 damage)
             ... on Level 4 of the Dungeon.
             The game lasted 00:26:47 (4645 turns).

PolkaDot the Reanimator (Vampire Necromancer)       Turns: 4645, Time: 00:26:47

HP   0/44 (46)   AC  6     Str  7      XL: 7   Next: 41%
MP  24/24        EV 12     Int 18 (19) God:
Gold 213         SH  0     Dex 13 (14) Spells:  4 memorised,  3 levels left

rFire  + . .     SeeInvis +     m - +0 lajatang
rCold  + + .     Clarity  .     a - +0 robe
rNeg   + + +     Conserve .     (no shield)
rPois  +         rCorr    .     (no helmet)
rElec  .         rRot     +     (no cloak)
SustAb . .       Spirit   .     d - +0 pair of gloves
rMut   .         Warding  .     f - +2 pair of orc boots
Saprov . . .     Stasis   .     (no amulet)
                                g - ring of protection from fire {unknown}
                                n - ring of magical power

@: regenerating slowly, slightly resistant to hostile enchantments, stealthy
A: bottle blood, fangs 3, see invisible, unbreathing
a: Bat Form, Bottle Blood


You were on level 4 of the Dungeon.
You were near bloodless.

You visited 1 branch of the dungeon, and saw 5 of its levels.
You also visited: Sewer.

You collected 213 gold pieces.

Inventory:

Hand weapons
 m - a +0,+0 lajatang (weapon)
Armour
 a - a +0 robe (worn)
 d - a +0 pair of gloves (worn)
 f - a +2 pair of orcish boots (worn)
Magical devices
 i - a wand of fire (6)
Scrolls
 c - a scroll of fear
 e - a scroll of curse armour {unknown}
 h - 5 scrolls of identify {unknown}
 o - a scroll of remove curse
 r - a scroll of magic mapping
Jewellery
 g - a ring of protection from fire (right hand) {unknown}
 j - an uncursed ring of sustain abilities
 l - an uncursed ring of fire
 n - a ring of magical power (left hand)
 t - an uncursed ring of hunger
Books
 b - a book of Necromancy

   Spells                             Type                      Level
   *Pain                              Necromancy                   1
   *Animate Skeleton                  Necromancy                   1
   Lethal Infusion                    Charms/Necromancy            2
   *Vampiric Draining                 Necromancy                   3
   Regeneration                       Charms/Necromancy            3
   *Animate Dead                      Necromancy                   4
   Control Undead                     Necromancy                   4
Magical staves
 k - an uncursed staff of power


   Skills:
 - Level 2.1 Dodging
 - Level 3.0 Stealth
 + Level 3.1 Spellcasting
 * Level 9.3 Necromancy


You had 3 spell levels left.
You knew the following spells:

 Your Spells              Type           Power        Failure   Level  Hunger
a - Pain                  Necr           ####         1%          1    None
d - Vampiric Draining     Necr           #####.....   1%          3    ###....
s - Animate Skeleton      Necr           N/A          1%          1    None
A - Animate Dead          Necr           N/A          3%          4    ####...


Dungeon Overview and Level Annotations

Branches:
Dungeon (5/16)
 Temple: D:4-7

Altars:
Elyvilon

Annotations:
D:4 exclusion: crimson imp, Menkaure
D:5 Yermak's ghost, weakling SpEn


Innate Abilities, Weirdness & Mutations

You heal slowly.
You can bottle blood from corpses.
You have razor-sharp teeth.*
You have supernaturally acute eyesight.
You can survive without breathing.*


Message History

* * * LOW HITPOINT WARNING * * *
Edmund hits the phantom with a runed flail!
The phantom hits you but does no damage.
An orc comes into view. 2 orcs come into view.
The orc hits you but does no damage.
The phantom blinks!
Menkaure calls on the powers of darkness!
The orc convulses!
Your body is wracked with pain!
* * * LOW HITPOINT WARNING * * *
The orc convulses!
The hobgoblin convulses!
The orc hits you but does no damage. The orc barely misses you.
The orc hits you.
* * * LOW HITPOINT WARNING * * *
Menkaure hits Edmund.
Edmund hits Menkaure with a runed flail!
Menkaure calls on the powers of darkness!
The orc convulses!
You feel a surge of unholy energy.
The orc convulses!
The orc convulses!
The orc hits you with an orcish hand axe.
You die...

*,,,,,,,,,,,.....#
*,,,,,,,,,,......# ####
,,,,,,,,,o......# #..>
*,,,****,........# #.#.
**,,****,........# #... * ,*
**,,........# ###.
**,****,.........# #######.#.
**,****,........># #.....#... **,
***,.o.....)@# #.###.#.#.
*,,****.......oo.# #####...#z#.#.
,,****#.......oog###...#...#.#.#.
_, ***#.######..p......#..<#.#.#.
,*****#..o...Mz..................
***** #.##...o.####....#..##.#.#.
***** #,*#.....# #....+..##%#.#.
**** *, #.....# #....##.##.#.#.
**** *,*#.....# #.##.##.##.#.#.


You could see a phantom, Menkaure, an orc wizard, 5 orcs, a hobgoblin and the
friendly Edmund the human zombie.

Vanquished Creatures
  Edmund (D:4)
  An ogre (D:5)
  2 giant frogs
  An orc priest (D:4)
  3 worker ants (D:4)
  A hound skeleton (D:4)
  10 adders
  A green rat (D:5)
  4 giant mites (Sewer)
  A grey rat (D:5)
  A giant eyeball (D:4)
  3 giant geckos
  An ooze (D:2)
  7 orcs
  7 ball pythons
  4 goblins
  4 hobgoblins
  8 kobolds
  4 bats
  5 giant cockroaches
  A giant gecko skeleton (D:5)
  3 giant newts
  8 rats
81 creatures vanquished.

Vanquished Creatures (collateral kills)
  A crimson imp (D:5)
  A giant frog zombie (D:5)
  A quasit (D:2)
  An adder (D:2)
  3 giant mites
  An adder skeleton (D:4)
  A ball python (Sewer)
  2 bats (D:2)
  2 goblins
  5 giant cockroaches
  2 giant geckos
  2 giant newts (Sewer)
  A rat zombie (D:5)
23 creatures vanquished.

Vanquished Creatures (others)
  3 adder skeletons
  A ball python skeleton (D:5)
  A ball python zombie (D:4)
  A giant gecko skeleton (Sewer)
  2 giant newt skeletons (Sewer)
  A goblin skeleton (D:5)
  A green rat skeleton (D:5)
  A hobgoblin zombie (D:4)
  A kobold skeleton (D:4)
  3 orc skeletons
  An orc zombie (D:4)
  A rat skeleton (D:4)
17 creatures vanquished.

Grand Total: 121 creatures vanquished

Notes
Turn   | Place    | Note
--------------------------------------------------------------
     0 | D:1      | PolkaDot, the Vampire Necromancer, began the quest for the Orb.
     0 | D:1      | Reached XP level 1. HP: 13/13 MP: 4/4
   113 | D:1      | Learned a level 1 spell: Animate Skeleton
   494 | D:2      | Reached XP level 2. HP: 10/19 MP: 3/5
   626 | D:2      | Reached skill level 5 in Necromancy
   947 | D:2      | Reached XP level 3. HP: 18/24 MP: 6/6
  1298 | D:3      | Found a white marble altar of Elyvilon.
  1301 | D:3      | Reached skill level 6 in Necromancy
  1380 | D:3      | Reached XP level 4. HP: 27/30 MP: 8/8
  1672 | D:3      | Learned a level 3 spell: Vampiric Draining
  2141 | D:4      | Reached XP level 5. HP: 28/35 MP: 9/9
  2223 | D:5      | Entered Level 5 of the Dungeon
  2224 | D:5      | Reached skill level 7 in Necromancy
  2286 | D:4      | Paralysed by a giant eyeball for 2 turns
  2301 | D:4      | HP: 1/35 [crimson imp/uncursed short sword (5)]
  2359 | D:4      | Noticed Menkaure
  2364 | D:5      | Found a glowing drain.
  2381 | Sewer    | Entered a sewer
  3293 | Sewer    | Reached XP level 6. HP: 33/41 MP: 11/11
  3551 | D:5      | Noticed an ogre
  3557 | D:5      | Killed an ogre
  3557 | D:5      | Reached skill level 8 in Necromancy
  3649 | D:5      | Learned a level 4 spell: Animate Dead
  3997 | D:5      | Noticed Yermak's ghost (weakling SpEn)
  4030 | D:5      | HP: 1/41 [Yermak's ghost (5)]
  4075 | D:4      | HP: 1/41 [rotting (potion of mutation)]
  4222 | D:4      | Reached XP level 7. HP: 25/44 MP: 14/14
  4315 | D:4      | Noticed a phantom
  4409 | D:4      | Noticed Edmund
  4421 | D:4      | Killed Edmund
  4421 | D:4      | Reached skill level 9 in Necromancy
  4645 | D:4      | Slain by an orc

Action                   |  1- 3 |  4- 6 |  7- 9 || total
-------------------------+-------+-------+-------++-------
Melee: Dagger            |    99 |   177 |       ||   276
       Staff             |       |    31 |     4 ||    35
       Lajatang          |       |       |    18 ||    18
 Cast: Animate Skeleton  |     4 |    17 |     1 ||    22
       Pain              |     9 |     7 |       ||    16
       Vampiric Draining |       |    32 |    15 ||    47
       Animate Dead      |       |     2 |     3 ||     5
  Use: Potion            |     2 |    12 |       ||    14
       Scroll            |       |     8 |       ||     8
 Stab: Sleeping          |     5 |     4 |       ||     9
